 Dungeon Crawl Stone Soup version 0.28.0-45-g0d030f2227 (webtiles) character file.

Game seed: 13800273143203334804

2815 protoss039 the Conjurer (level 9, -1/50 HPs)
             Began as a Gargoyle Fire Elementalist on Apr 21, 2022.
             Slain by an orc
             ... wielding the +5 hand axe of the Secret Mouths {vorpal, *Rage rN+ Will+}
              (2 damage)
             ... on level 7 of the Dungeon.
             The game lasted 00:24:34 (9431 turns).

protoss039 the Conjurer (GrFE)                      Turns: 9431, Time: 00:24:35

Health: -1/50      AC: 20    Str: 13    XL:     9   Next: 72%
Magic:  4/18       EV: 11    Int: 19    God:
Gold:   348        SH:  5    Dex: 10    Spells: 14/20 levels left

rFire   + . .      SeeInvis .   o - +3 rapier (vorpal)
rCold   x . .      Faith    .   d - +1 buckler
rNeg    + . .      Spirit   .   c - +0 acid dragon scales
rPois   ∞          Reflect  .   (no helmet)
rElec   +          Harm     .   (no cloak)
rCorr   +          Rampage  .   (no gloves)
Will    .....                   v - +2 pair of boots
Stlth   ++........              e - amulet of the acrobat
HPRegen 0.16/turn               x - +4 ring of protection
MPRegen 0.16/turn               y - ring of fire

@: no status effects
A: sickness immunity, AC +6, negative energy resistance 1, electricity
resistance, torment resistance 1, petrification resistance
a: no special abilities


You were on level 7 of the Dungeon.
You visited 1 branch of the dungeon, and saw 7 of its levels.

You collected 390 gold pieces.
You spent 42 gold pieces at shops.

Inventory:

Hand Weapons
 o - a +3 vorpal rapier (weapon)
 q - a +2 short sword of holy wrath
Missiles
 p - 2 throwing nets
Armour
 c - +0 acid dragon scales (worn)
 d - a +1 buckler (worn)
 v - a +2 pair of boots (worn)
Jewellery
 e - an amulet of the acrobat (around neck)
 x - a +4 ring of protection (left hand)
 y - a ring of fire (right hand)
Wands
 i - a wand of charming (4)
Potions
 a - a potion of curing
 f - a potion of heal wounds {unknown}
 h - 3 potions of haste {unknown}
 k - a potion of invisibility {unknown}
 m - 3 potions of berserk rage {unknown}
 r - 2 potions of attraction {unknown}
 w - 2 potions of might {unknown}
 z - a potion of degeneration {unknown}
 B - a potion of lignification {unknown}
 C - a potion of flight {unknown}


   Skills:
 - Level 3.0 Fighting
 - Level 3.0 Armour
 - Level 3.0 Dodging
 - Level 3.0 Stealth
 - Level 3.0 Shields
 + Level 6.3 Spellcasting
 + Level 7.3 Conjurations
 + Level 7.2 Fire Magic


You had 14 spell levels left.
You knew the following spells:

 Your Spells              Type           Power      Damage    Failure   Level
a - Foxfire               Conj/Fire      100%       2x1d9     1%          1
b - Scorch                Fire           100%       2d10      1%          2
c - Inner Flame           Hex/Fire       29%        N/A       14%         3

Your spell library contained the following spells:

 Spells                   Type           Power      Damage    Failure   Level
 Magic Dart               Conj           100%       1d8       1%          1
 Conjure Flame            Conj/Fire      50%        6-21      3%          3
 Flame Wave               Conj/Fire      50%        2d10      11%         4
 Mephitic Cloud           Conj/Pois/Air  15%        N/A       22%         3
 Call Imp                 Summ           6%         N/A       32%         2
 Irradiate                Conj/Tmut      9%         3d17      78%         5
 Olgreb's Toxic Radiance  Pois           6%         N/A       91%         4
 Petrify                  Tmut/Erth      6%         N/A       91%         4
 Summon Ice Beast         Ice/Summ       6%         N/A       91%         4
 Summon Mana Viper        Hex/Summ       6%         N/A       99%         5
 Monstrous Menagerie      Summ           3%         N/A       100%        7
 Ozocubu's Refrigeration  Ice            3%         4d5       100%        7
 Ignition                 Fire           25%        3d8       100%        8
 Sublimation of Blood     Necr           Unusable   N/A       N/A         2

Dungeon Overview and Level Annotations

Branches:
Dungeon (7/15)             Temple (0/1) D:7

Altars:
Hepliaklqana
Xom

Shops:
D:3 [?[?*   D:7 !

Annotations:
D:6 Dowan, Duvessa
D:7 1 runed translucent door, shugdite's ghost, novice DrBe


Innate Abilities, Weirdness & Mutations

You are immune to sickness and miasma.
Your stone body is resilient. (AC +6)
You are immune to poison.
You resist negative energy. (rN+)
You are resistant to electric shocks. (rElec)
You are resistant to unholy torment.
You are immune to petrification.


Message History

The orc hits you but does no damage.
Unknown command.
Unknown command.
Unknown command.
You completely miss the orc.
The orc is heavily wounded.
The crimson imp barely misses you.
The orc hits you with the +5 hand axe of the Secret Mouths {vorpal, *Rage rN+ Will+}!
The crimson imp shouts, "Slither hence, thou reeling-ripe toot-wallowing malt-worm!"
The crimson imp blinks!
The crimson imp barely misses you.
Unknown command.
Unknown command.
Unknown command.
You closely miss the orc.
The orc is heavily wounded.
The orc hits you with the +5 hand axe of the Secret Mouths {vorpal, *Rage rN+ Will+}!
* * * LOW HITPOINT WARNING * * *
x2 The orc closely misses you.
The crimson imp blinks!
The crimson imp hits you.
* * * LOW HITPOINT WARNING * * *
Unknown command.
Unknown command.
Unknown command.
You feel better. You block the orc's attack.
The crimson imp blinks! x2
You block the orc's attack.
The crimson imp hits you but does no damage.
The white imp gestures at you.
The puff of frost hits you but does no damage.
Unknown command.
Unknown command.
You feel better.
The crimson imp blinks!
The orc hits you with the +5 hand axe of the Secret Mouths {vorpal, *Rage rN+ Will+}!
* * * LOW HITPOINT WARNING * * *
x2 The crimson imp blinks!
The white imp barely misses you.
The crimson imp shouts, "Crawl home, thou gleeking weather-bitten varlet!"
The crimson imp blinks!
Unknown command.
You feel better.
The orc hits you with the +5 hand axe of the Secret Mouths {vorpal, *Rage rN+ Will+}!
* * * LOW HITPOINT WARNING * * *
You die...

**#.######..#......## ##.......
#................####..[.....
#######.###..................
#..# #......####.....)..
######.####.###### ##........
#...........# #####.........
#.........### #.....#.......
***##......§..#############......
,,,#.......5.5no@5#...# ######.
,,.......5...5###5'...# ##
,,..#.........# ###...#
,,$*#.........# **###
,,,*########### ****


You could see a necrophage, 5 crimson imps, a white imp and an orc (berserk,
inner flame).

Vanquished Creatures
  Maggie (D:7)
  Eustachio (D:4)
  Edmund (D:5)
  Menkaure (D:7)
  5 black bears
  2 sky beasts (D:6)
  A necrophage (D:3)
  An ogre (D:7)
  2 centaurs (D:5)
  A phantom (D:4)
  Blork the orc (D:4)
  A bullfrog (D:6)
  3 scorpions (D:5)
  A wight (D:7)
  2 bullfrog zombies (D:6)
  A crimson imp (D:7)
  3 jellies
  2 bullfrog skeletons (D:4)
  4 hounds
  An orc priest (D:4)
  An iguana (D:5)
  4 orc wizards
  2 hound skeletons (D:4)
  2 howler monkey zombies
  4 gnolls (D:4)
  5 adders
  2 white imps
  An ufetubus (D:4)
  2 worms
  4 dart slugs
  11 orcs
  5 ball pythons
  An endoplasm (D:1)
  10 giant cockroaches
  6 goblins
  9 hobgoblins
  4 jackals
  7 kobolds
  3 quokkas
  6 bats
  3 frilled lizards
  5 rats
132 creatures vanquished.

Vanquished Creatures (others)
  329 foxfires
  2 withered plants (D:7)
331 creatures vanquished.

Grand Total: 463 creatures vanquished

Notes
Turn   | Place    | Note
-------+----------+-------------------------------------------
     0 | D:1      | protoss039 the Gargoyle Fire Elementalist began the quest
                  | for the Orb.
     0 | D:1      | Reached XP level 1. HP: 10/10 MP: 3/3
   192 | D:1      | Reached XP level 2. HP: 14/15 MP: 3/5
  1495 | D:2      | Reached XP level 3. HP: 6/19 MP: 4/6
  2260 | D:2      | Found a faded altar of an unknown god.
  2513 | D:3      | Learned a level 2 spell: Scorch
  2517 | D:3      | Learned a level 3 spell: Inner Flame
  2568 | D:3      | Found Onecs's Armour Shoppe.
  2654 | D:3      | Found Moeqaos's Armour Shop.
  2963 | D:3      | Found Berr's Magic Scroll Shop.
  3011 | D:3      | Reached XP level 4. HP: 13/24 MP: 2/7
  3277 | D:3      | Found Unkuteim's Magic Scroll Shop.
  3405 | D:3      | Found Nibowk's General Store.
  3518 | D:4      | Noticed a black bear
  3655 | D:2      | Killed a black bear
  3656 | D:2      | Reached XP level 5. HP: 12/28 MP: 1/9
  3842 | D:4      | Noticed Eustachio
  4401 | D:4      | Killed Eustachio
  4402 | D:4      | Reached XP level 6. HP: 25/32 MP: 2/11
  4552 | D:4      | Noticed Blork the orc
  4597 | D:4      | Killed Blork the orc
  4598 | D:4      | Reached XP level 7. HP: 31/36 MP: 3/12
  5185 | D:4      | Reached skill level 1 in Fighting
  5185 | D:4      | Reached skill level 1 in Armour
  5338 | D:3      | Reached skill level 1 in Shields
  5747 | D:4      | Reached XP level 8. HP: 21/44 MP: 1/14
  5748 | D:4      | Reached skill level 5 in Fire Magic
  6239 | D:5      | Entered Level 5 of the Dungeon
  6334 | D:5      | Found a shimmering altar of Xom.
  6839 | D:5      | Reached skill level 5 in Conjurations
  7730 | D:6      | Reached skill level 5 in Spellcasting
  7778 | D:6      | Reached XP level 9. HP: 50/50 MP: 3/16
  8158 | D:6      | Noticed Edmund
  8204 | D:5      | Killed Edmund
  8488 | D:6      | Found a hazy altar of Hepliaklqana.
  8865 | D:7      | Noticed Duvessa
  8865 | D:7      | Noticed Dowan
  8865 | D:7      | Found Xocze's Distillery.
  8898 | D:7      | Bought a potion of curing for 42 gold pieces
  8948 | D:7      | Noticed Menkaure
  8968 | D:7      | Killed Menkaure
  9032 | D:7      | Noticed Maggie
  9058 | D:7      | Found a runed translucent door.
  9058 | D:7      | Noticed shugdite's ghost (novice DrBe)
  9103 | D:7      | Killed Maggie
  9404 | D:7      | Identified the +5 hand axe of the Secret Mouths {vorpal,
                  | *Rage rN+ Will+}
  9431 | D:7      | HP: 1/50 [orc/the +5 hand axe of the Secret Mouths {vorpal,
                  | *Rage rN+ Will+} (8)]
  9431 | D:7      | Slain by an orc

Illustrated notes

Levels and vault maps discovered:
D:1:      saegor_arrival_simple_a, layout_basic, nicolae_figureground_sparkle
D:2:      layout_loops_corners, shapermc_ecumenical_altar_notcrosses
D:3:      layout_basic, serial_shops, nicolae_square_shop, shop,
          nicolae_shop_trees, nicolae_shop_behind_doors, shop
D:4:      minmay_chambers_of_threes, layout_basic, uniq_eustachio,
          uniq_blork_the_orc
D:5:      nicolae_cairo_tiling_large, layout_gridville,
          mainiacjoe_overflow_concentric_impassable
D:6:      layout_loops_ring, lemuel_crystal_altar, grunt_tough_drop, uniq_edmund
D:7:      layout_rooms, temple_pool_b, gammafunk_ghost_grave, enter_bailey_2,
          serial_undead, serial_undead_d, serial_undead_f, serial_undead_b,
          serial_undead_d, serial_shops, nicolae_stop_n_shop_1,
          minmay_nine_imps, uniq_maggie, uniq_duvessa, uniq_menkaure

Skill      XL: |  1  2  3  4  5  6  7  8  9 |
---------------+----------------------------+-----
Dodging        | 2 3 |  3.0
Stealth        | 3 |  3.0
Conjurations   | 2 3 4 5 7 |  7.3
Spellcasting   | 3 4 5 6 |  6.3
Fire Magic     | 4 6 7 |  7.2
Fighting       | 2 3 |  3.0
Armour         | 2 3 |  3.0
Shields        | 2 3 |  3.0

Action                   |  1- 3 |  4- 6 |  7- 9 || total
-------------------------+-------+-------+-------++-------
Melee: Unarmed           |     6 |       |       ||     6
       Short sword       |   120 |    48 |       ||   168
       Rapier            |       |     6 |    61 ||    67
 Cast: Foxfire           |    55 |    23 |   114 ||   192
       Scorch            |       |    13 |    96 ||   109
       Inner Flame       |       |       |     4 ||     4
  Use: Scroll            |       |       |     8 ||     8
       Potion            |       |       |     4 ||     4
 Stab: Sleeping          |     3 |       |     1 ||     4
Armor: Robe              |    15 |       |    27 ||    42
       Ring mail         |    60 |    26 |    45 ||   131
       Acid dragon scale |       |       |    29 ||    29
Dodge: Dodged            |    77 |    55 |    94 ||   226
Block: Buckler           |       |     1 |    32 ||    33
